 Dungeon Crawl Stone Soup version 0.20-a0-77-g476458c (webtiles) character file.

125 KristoblXynda the Ruffian (level 4, -1/36 HPs)
             Began as a Draconian Skald on Nov 19, 2016.
             Was an Initiate of Qazlal.
             Slain by an iguana (7 damage)
             ... on level 4 of the Dungeon.
             The game lasted 00:06:13 (3942 turns).

KristoblXynda the Ruffian (Draconian Skald)         Turns: 3942, Time: 00:06:13

Health: -1/36      AC:  5    Str: 15    XL:     4   Next: 82%
Magic:  7/7        EV: 12    Int: 13    God:    Qazlal [......]
Gold:   102        SH:  0    Dex: 10    Spells: 1 memorised, 6 levels left

rFire  . . .     SeeInvis .       - Unarmed
rCold  . . .     Gourm    .     (armour unavailable)
rNeg   . . .     Faith    .     (no shield)
rPois  .         Spirit   .     (helmet restricted)
rElec  .         Reflect  .     (no cloak)
rCorr  .         Harm     .     (no gloves)
MR     .....                    (no boots)
Stlth  +.........               (no amulet)
                                (no ring)
                                (no ring)

@: lethally poisoned (-1 -> -4), very slightly contaminated, hasted (expiring),
invisible (expiring), very quick
A: unfitting armour, cold-blooded, AC +5
a: Renounce Religion


You were on level 4 of the Dungeon.
You worshipped Qazlal.
Qazlal was noncommittal.
You were not hungry.

You visited 1 branch of the dungeon, and saw 4 of its levels.

You collected 102 gold pieces.

Inventory:

Hand Weapons
 o - a +2 dagger of electrocution
Scrolls
 g - a scroll of enchant weapon
Potions
 h - 2 potions of resistance
Books
 a - a book of Battle

   Spells                             Type                      Level
   a - Infusion                       Charms                       1
   b - Shroud of Golubria             Charms/Translocation         2
   c - Song of Slaying                Charms                       2
   d - Spectral Weapon                Hexes/Charms                 3
   e - Regeneration                   Charms/Necromancy            3
Comestibles
 b - 2 bread rations


   Skills:
 - Level 2.1 Fighting
 + Level 2.6 Dodging
 + Level 3.4 Unarmed Combat
 - Level 2.0 Spellcasting
 - Level 3.3 Charms
 + Level 1.4 Invocations


You had 6 spell levels left.
You knew the following spells:

 Your Spells              Type           Power        Failure   Level  Hunger
a - Infusion              Chrm           ##..         10%         1    ##.....


Dungeon Overview and Level Annotations

Branches:
Dungeon (4/15)
 Temple: D:4-7

Altars:
Fedhas
Qazlal
Uskayaw
Vehumet
Xom

Annotations:
D:3 Purgy


Innate Abilities, Weirdness & Mutations

Your plain brown scales are hard. (AC +5)
You cannot fit into any form of body armour.
You are cold-blooded and may be slowed by cold attacks.


Message History

You flicker for a moment.
Unknown command.
You barely miss the worker ant.
Your tail-slap misses the worker ant.
The worker ant is moderately wounded.
The worker ant closely misses you. The iguana closely misses you.
You hit the worker ant.
The worker ant is moderately wounded.
Your extra speed is starting to run out.
The worker ant closely misses you. The iguana barely misses you.
You closely miss the worker ant.
The worker ant is moderately wounded.
You feel sick. The worker ant barely misses you.
You hit the worker ant.
The worker ant is moderately wounded.
The iguana hisses menacingly.
The iguana closely misses you.
You hit the worker ant.
The worker ant is heavily wounded.
The worker ant closely misses you. The iguana bites you!
You die...

########
#..<...#
#.####.# #.#
#.#
#.####.#######.
#.##...@a......
#.##.#l#######.
#.##.#.# #.##
#.# #.. ..# ###


You could see an iguana and a worker ant.

Vanquished Creatures
  3 adders (D:3)
  2 oozes
  2 worms
  A dart slug (D:2)
  3 leopard geckos
  2 orcs (D:3)
  5 giant cockroaches
  10 goblins
  6 hobgoblins
  5 jackals
  2 quokkas (D:2)
  A ball python (D:2)
  9 bats
  6 frilled lizards
  8 kobolds
  6 rats
71 creatures vanquished.

Notes
Turn   | Place    | Note
-------+----------+-------------------------------------------
     0 | D:1      | KristoblXynda the Draconian Skald began the quest for the Orb.
     0 | D:1      | Reached XP level 1. HP: 17/17 MP: 3/3
   395 | D:1      | Reached XP level 2. HP: 9/24 MP: 5/5
  1200 | D:1      | Reached XP level 3. HP: 29/29 MP: 6/6
  1745 | D:2      | Found a blossoming altar of Fedhas.
  2413 | D:2      | Found a hide-covered altar of Uskayaw.
  2860 | D:2      | Found a shimmering altar of Xom.
  2862 | D:2      | Found a stormy altar of Qazlal.
  3019 | D:2      | Became a worshipper of Qazlal Stormbringer
  3048 | D:3      | Found a radiant altar of Vehumet.
  3067 | D:3      | Reached XP level 4. HP: 32/36 MP: 7/7
  3228 | D:3      | Reached skill level 1 in Invocations
  3779 | D:3      | Noticed Purgy
  3942 | D:4      | Slain by an iguana

Vault maps used:
D:1:      minmay_arrival_checkered_box
D:2:      lemuel_doored_altar, fedhas_altar_1, amethyst_overflow_temple_binary,
          minmay_misc_feat_alley
D:3:      fiery_altar_vehumet, uniq_purgy
D:4:      tgw_trog

Skill      XL: |  1  2  3  4 |
---------------+-------------+-----
Charms         | 3 |  3.3
Dodging        | 2 |  2.6
Unarmed Combat | 3 |  3.4
Invocations    | 1 |  1.4
Fighting       | |  2.1
Spellcasting   | |  2.0

Action                   |  1- 3 |  4- 6 || total
-------------------------+-------+-------++-------
Melee: Unarmed           |   255 |   127 ||   382
       Tailslap          |    22 |    10 ||    32
       Punch             |     3 |       ||     3
  Use: Potion            |     1 |     3 ||     4
       Scroll            |       |    10 ||    10
 Stab: Sleeping          |     1 |     1 ||     2
       Invisible         |       |     2 ||     2
  Eat: Chunk             |     4 |     1 ||     5
       Bread ration      |     1 |       ||     1
       Royal jelly       |       |     1 ||     1
Armor: Skin              |    79 |    45 ||   124
Dodge: Dodged            |   174 |   127 ||   301
